 Dungeon Crawl Stone Soup version 0.22-a0-179-gb5258fd (webtiles) character file.

300 DazliareCantWin the Caller (level 6, -1/46 HPs)
             Began as a Formicid Summoner on Feb 12, 2018.
             Was an Initiate of Okawaru.
             Slain by a centaur (8 damage)
             ... on level 6 of the Dungeon on Feb 13, 2018.
             The game lasted 00:25:45 (8595 turns).

DazliareCantWin the Caller (Formicid Summoner)      Turns: 8595, Time: 00:25:45

Health: -1/46      AC:  2    Str: 15    XL:     6   Next: 64%
Magic:  7/9        EV: 12    Int: 14    God:    Okawaru [......]
Gold:   241        SH:  0    Dex: 11    Spells: 3/9 levels left

rFire    . . .     SeeInvis +   y - +1 spear (vamp)
rCold    . . .     Gourm    .   (no shield)
rNeg     . . .     Faith    .   a - +0 robe
rPois    .         Spirit   .   (helmet unavailable)
rElec    .         Reflect  .   (no cloak)
rCorr    .         Harm     .   (no gloves)
MR       .....                  (no boots)
Stlth    ++........             (no amulet)
HPRegen  0.15/turn              (no ring)
MPRegen  0.11/turn              (no ring)

@: no status effects
A: permanent stasis, dig shafts and tunnels, four strong arms, antennae 3
a: Dig, Shaft Self, Renounce Religion


You were on level 6 of the Dungeon.
You worshipped Okawaru.
Okawaru was noncommittal.
You were near starving.

You visited 1 branch of the dungeon, and saw 6 of its levels.

You collected 241 gold pieces.

Inventory:

Hand Weapons
 y - a +1 vampiric spear (weapon)
Missiles
 B - 28 poisoned needles
Armour
 a - a +0 robe (worn)
 j - a +0 chain mail
 s - a +0 plate armour
Jewellery
 e - an uncursed ring of flight {unknown}
 p - an uncursed ring of resist corrosion {unknown}
 r - an uncursed ring of poison resistance {unknown}
 z - an uncursed amulet of magic regeneration {unknown}
Wands
 u - a wand of iceblast (7)
Scrolls
 g - a scroll of magic mapping {unknown}
 h - a scroll of remove curse
 k - 2 scrolls of immolation {unknown}
 l - a scroll of random uselessness {unknown}
 o - a scroll of fear {unknown}
 q - a scroll of enchant weapon {unknown}
 C - a scroll of blinking {unknown}
 D - a scroll of amnesia {unknown}
Potions
 d - a potion of magic {unknown}
 f - a potion of agility
 i - 7 potions of curing
 m - a potion of mutation
 n - a potion of flight
 t - a potion of lignification {unknown}
 v - a potion of might
 w - a potion of berserk rage {unknown}
 x - a potion of resistance {unknown}
 A - a potion of brilliance {unknown}
Books
 b - a book of Callings

   Spells                             Type                      Level
   a - Summon Small Mammal            Summoning                    1
   b - Call Imp                       Summoning                    2
   c - Call Canine Familiar           Summoning                    3
   d - Summon Guardian Golem          Hexes/Summoning              3
   e - Summon Lightning Spire         Summoning/Air                4
   f - Summon Ice Beast               Ice/Summoning                4
Comestibles
 c - 10 rations


   Skills:
 + Level 2.7 Fighting
   Level 0.7 Long Blades
 * Level 3.1 Polearms
 - Level 1.7 Dodging
 - Level 2.4 Stealth
 - Level 2.3 Spellcasting
 * Level 5.8 Summonings


You had 3 spell levels left.
You knew the following spells:

 Your Spells              Type           Power        Failure   Level  Hunger
a - Summon Small Mammal   Summ           ###.         2%          1    #......
b - Call Imp              Summ           ###.....     3%          2    ###....
c - Call Canine Familiar  Summ           ###.....     6%          3    ###....


Dungeon Overview and Level Annotations

Branches:
Dungeon (6/15)
 Temple: D:4-7

Altars:
Ashenzari
Fedhas
Hepliaklqana
Kikubaaqudgha
Okawaru
Sif Muna
Zin

Annotations:
D:2 exclusions: 2 downstairs and oklob plant
D:3 estick's ghost, amateur HOGl
D:5 exclusion: downstairs


Innate Abilities, Weirdness & Mutations

You cannot be hasted, slowed, berserked, paralysed or teleported.
You can dig through walls and to a lower floor.
Your four strong arms can wield two-handed weapons with a shield.
You have a pair of large antennae on your head. (SInv)


Message History

You puncture the centaur!
You feel better.
The centaur is moderately wounded.
The centaur hits you!
You hit the centaur but do no damage.
The centaur is moderately wounded.
The centaur hits you. The centaur misses you.
Casting: Call Canine Familiar (safe; 6% risk of failure)
Confirm with . or Enter, or press ? or * to list all spells.
A metallic apparition takes form in the air.
The centaur hits you.
Unknown command.
You hit the centaur.
The centaur is moderately wounded.
The centaur hits you. The centaur hits you!
* * * LOW HITPOINT WARNING * * *
Unknown command.
You hit the centaur but do no damage.
The centaur is moderately wounded.
The centaur hits you!
You die...

######......##.##.......
............##.##.##.###
########[..###.##.##.#
#.......##.##.#
##.#######.##.### #.#
#....... ##(## ####.###
##(..## #.# #@....# ##.#
#?c.5...# ##..#
#.........####...##
+.........+.......##
#.........####<....#
##.......## #.###.#
##.....## #.# .# ##...##
#.# .# #..


You could see a centaur and a friendly iron imp.

Vanquished Creatures
  A centaur (D:5)
  A worker ant (D:5)
  2 gnolls (D:4)
  4 adders
  A shadow imp (D:5)
  An ooze (D:3)
  2 dart slugs
  A leopard gecko (D:4)
  A giant cockroach (D:1)
  3 goblins
  2 hobgoblins
  7 jackals
  7 kobolds
  3 quokkas
  3 ball pythons
  2 bats (D:1)
  4 frilled lizards
  A jackal skeleton (D:4)
  8 rats
54 creatures vanquished.

Vanquished Creatures (collateral kills)
  2 iguanas
  2 gnolls (D:4)
  3 adders
  2 oozes
  A worm (D:2)
  A dart slug (D:1)
  A leopard gecko (D:3)
  7 orcs
  2 giant cockroaches
  4 hobgoblins
  7 jackals
  3 bats (D:2)
  3 kobolds
  A rat (D:2)
39 creatures vanquished.

Vanquished Creatures (others)
  13 toadstools (D:2)
13 creatures vanquished.

Grand Total: 106 creatures vanquished

Notes
Turn   | Place    | Note
-------+----------+-------------------------------------------
     0 | D:1      | DazliareCantWin the Formicid Summoner began the quest for the Orb.
     0 | D:1      | Reached XP level 1. HP: 13/13 MP: 3/3
   816 | D:1      | Reached XP level 2. HP: 17/20 MP: 5/5
   857 | D:1      | Learned a level 2 spell: Call Imp
  1555 | D:1      | Reached skill level 1 in Fighting
  2170 | D:2      | Reached XP level 3. HP: 21/26 MP: 3/6
  2229 | D:2      | Learned a level 3 spell: Call Canine Familiar
  2802 | D:2      | Found a blossoming altar of Fedhas.
  2821 | D:2      | Noticed an oklob plant
  3874 | D:3      | Reached XP level 4. HP: 6/32 MP: 2/7
  3901 | D:3      | Noticed estick's ghost (amateur HOGl)
  4357 | D:3      | Found a faded altar of an unknown god.
  4496 | D:3      | Reached skill level 1 in Polearms
  4504 | D:3      | Found an iron altar of Okawaru.
  4514 | D:3      | Became a worshipper of Warmaster Okawaru
  5504 | D:4      | Upgraded the game from 0.22-a0-162-g33bf127 to 0.22-a0-179-gb5258fd
  5913 | D:4      | Reached skill level 5 in Summonings
  6091 | D:4      | Found a hazy altar of Hepliaklqana.
  6300 | D:4      | Found a shattered altar of Ashenzari.
  6305 | D:4      | Reached XP level 5. HP: 37/38 MP: 8/8
  7059 | D:5      | Entered Level 5 of the Dungeon
  7324 | D:5      | Noticed a centaur
  7344 | D:5      | Killed a centaur
  7344 | D:5      | Reached XP level 6. HP: 17/46 MP: 1/9
  7717 | D:5      | Found an ancient bone altar of Kikubaaqudgha.
  7717 | D:5      | Found a deep blue altar of Sif Muna.
  7717 | D:5      | Found a glowing silver altar of Zin.
  8450 | D:6      | Noticed an ogre
  8595 | D:6      | Slain by a centaur

Vault maps used:
D:1:      nicolae_arrival_washed_ashore, minmay_domino_4
D:2:      tgw_fedhas, corexii_corridor_pit
D:3:      chequers_ecumenical_altar_simple, okawaru_ov_weapons_minmay
D:4:      ashenzari_altar_1, nicolae_overflow_crystal_walls, first_ration
D:5:      gammafunk_temple_overflow_forgotten, grunt_decor_mini_mirrors
D:6:      temple_doors_ab

Skill      XL: |  1  2  3  4  5  6 |
---------------+-------------------+-----
Fighting       | 1 2 |  2.7
Polearms       | 1 2 3 |  3.1
Summonings     | 5 |  5.8
Long Blades    | |  0.7
Dodging        | |  1.7
Stealth        | |  2.4
Spellcasting   | |  2.3

Action                   |  1- 3 |  4- 6 || total
-------------------------+-------+-------++-------
Melee: Unarmed           |   119 |       ||   119
       Trident           |    56 |    63 ||   119
       Spear             |       |   115 ||   115
 Cast: Summon Small Mamm |    10 |       ||    10
       Call Imp          |    14 |     8 ||    22
       Call Canine Famil |     3 |    16 ||    19
  Use: Potion            |     1 |       ||     1
       Scroll            |       |     7 ||     7
 Stab: Sleeping          |     9 |     1 ||    10
       Distracted        |       |     1 ||     1
  Eat: Chunk             |     9 |    12 ||    21
       Ration            |       |     3 ||     3
Armor: Robe              |    37 |    18 ||    55
Dodge: Dodged            |   121 |   109 ||   230

Table legend:
 A = Spawn XP
 B = Non-spawn XP
 C = Spawn XP percentage of total XP
 D = Spawn monster count
 E = Non-spawn monster count
 F = Spawn count percentage of total count
 G = Total turns spent on level
                    A         B        C        D         E        F      G
               +---------+---------+-------+---------+---------+-------+---------
         Total |       0 |     429 |   0.0 |       0 |      93 |   0.0 |  8595
               +---------+---------+-------+---------+---------+-------+---------
           D:1 |       0 |      21 |   0.0 |       0 |      14 |   0.0 |  1910
           D:2 |       0 |      26 |   0.0 |       0 |      20 |   0.0 |  1745
           D:3 |       0 |      56 |   0.0 |       0 |      24 |   0.0 |  2004
           D:4 |       0 |      81 |   0.0 |       0 |      18 |   0.0 |  1400
           D:5 |       0 |     216 |   0.0 |       0 |      15 |   0.0 |  1418
           D:6 |       0 |      29 |   0.0 |       0 |       2 |   0.0 |   118
               +---------+---------+-------+---------+---------+-------+---------
